 Dungeon Crawl Stone Soup version 0.28-a0-655-g4eb62b627b (webtiles) character file.

Game seed: 14422649401216627

114289 frimble the Peltast (level 16, -5/108 HPs)
             Began as an Octopode Venom Mage on Oct 13, 2021.
             Was a High Priest of Cheibriados.
             Slain by an orc warrior (22 damage)
             ... while paralysed by an orc sorcerer
             ... on level 2 of the Orcish Mines.
             The game lasted 00:53:21 (30656 turns).

frimble the Peltast (Octopode Venom Mage)          Turns: 30656, Time: 00:53:22

Health: -5/108     AC:  3    Str: 27    XL:     16   Next: 65%
Magic:  4/32       EV:  2    Int: 35    God:    Cheibriados [*****.]
Gold:   1686       SH:  0    Dex: 45    Spells: 8/25 levels left

rFire   + + +      SeeInvis .   K - +11 rapier of the Throat {freeze, rF++ Int-2 Stlth+}
rCold   . . .      Faith    .   s - +5 kite shield "Vofirast" {rElec Dex+5}
rNeg    . . .      Spirit   .   J - +2 hat
rPois   +          Reflect  .   b - amulet of regeneration
rElec   +          Harm     .   f - +6 ring of strength
rCorr   .          Rampage  .   g - ring of wizardry
Will    +....                   x - +6 ring of dexterity
Stlth   ++++++++..              w - ring of magical power
HPRegen 1.28/turn               A - +6 ring of dexterity
MPRegen 0.23/turn               D - ring of poison resistance
                                N - ring of fire
                                Z - ring of Liuquokk {rC+ EV+4 Slay+5}

@: paralysed, very slow
A: almost no armour, amphibious, 8 rings, camouflage 1, gelatinous body 1,
(nimble swimmer 1), tentacles
a: Renounce Religion, Bend Time, Temporal Distortion, Slouch, Step From Time


You were on level 2 of the Orcish Mines.
You worshipped Cheibriados.
Cheibriados was extremely pleased with you.
You visited 4 branches of the dungeon, and saw 24 of its levels.

You collected 1718 gold pieces.
You spent 32 gold pieces at shops.

Inventory:

Hand Weapons
 a - a +3 dagger of freezing
 F - a +3 scimitar of electrocution
 K - the +11 rapier of the Throat (weapon) {freeze, rF++ Int-2 Stlth+}
   (You acquired it on level 3 of the Lair of Beasts)

   It freezes those it strikes, dealing additional cold damage.
   It can also slow down cold-blooded creatures.
   Int:       It affects your intelligence (-2).
   rF:        It greatly protects you from fire.
   Stlth:     It makes you more stealthy.
Missiles
 c - 6 throwing nets
 y - 5 silver javelins
 Y - 3 javelins
Armour
 s - the +5 kite shield "Vofirast" (worn) {rElec Dex+5}
   (You acquired it on level 10 of the Dungeon)

   Dex:       It affects your dexterity (+5).
   rElec:     It insulates you from electricity.
 J - a +2 hat (worn)
Jewellery
 b - an amulet of regeneration (around mantle)
 f - a +6 ring of strength (left tentacle)
 g - a ring of wizardry (right tentacle)
 w - a ring of magical power (on tentacle)
 x - a +6 ring of dexterity (on tentacle)
 A - a +6 ring of dexterity (on tentacle)
 D - a ring of poison resistance (on tentacle)
 N - a ring of fire (on tentacle)
 T - a ring of magical power
 U - the amulet of the Four Winds {rN+ Will+++ Clar}
   (You found it on level 6 of the Lair of Beasts)

   [amulet of nothing]

   rN:        It protects you from negative energy.
   Clar:      It protects you against confusion.
   Will:      It greatly increases your willpower.
 Z - the ring of Liuquokk (on tentacle) {rC+ EV+4 Slay+5}
   (You acquired it on level 15 of the Dungeon)

   [ring of evasion]

   EV:        It affects your evasion (+4).
   Slay:      It affects your accuracy & damage with ranged weapons and melee
   (+5).
   rC:        It protects you from cold.
Wands
 j - a wand of charming (10)
 k - a wand of flame (60)
 m - a wand of paralysis (9)
 E - a wand of polymorph (14)
 G - a wand of digging (18)
 H - a wand of iceblast (29)
 P - a wand of acid (26)
Scrolls
 d - 4 scrolls of fog
 o - 6 scrolls of teleportation
 r - 10 scrolls of amnesia
 v - 4 scrolls of immolation
 C - 2 scrolls of blinking
 L - a scroll of fear
 M - 2 scrolls of enchant armour
 O - 6 scrolls of magic mapping
 Q - a scroll of holy word
 R - a scroll of silence
 V - 5 scrolls of identify
Potions
 e - 13 potions of curing
 h - 4 potions of haste
 i - a potion of brilliance
 l - a potion of berserk rage
 n - 2 potions of magic
 p - 4 potions of might
 q - a potion of lignification
 t - 2 potions of invisibility
 u - a potion of cancellation
 z - 4 potions of resistance
 B - 3 potions of heal wounds
 I - 3 potions of mutation
 S - 2 potions of attraction
 W - 2 potions of ambrosia


   Skills:
 + Level 9.1 Fighting
 - Level 13.9(14.0) Short Blades
 - Level 1.7(9.2) Long Blades
 + Level 5.0 Dodging
 - Level 10.0 Stealth
 - Level 15.0 Shields
 - Level 5.0 Spellcasting
 - Level 8.0 Conjurations
 - Level 8.0 Transmutations
 - Level 5.0 Earth Magic
 - Level 8.0 Poison Magic
 + Level 9.4 Invocations
 + Level 7.3 Evocations


You had 8 spell levels left.
You knew the following spells:

 Your Spells              Type           Power      Damage    Failure   Level
a - Sting                 Tmut/Pois      100%       1d8       1%          1
b - Olgreb's Toxic Radia  Pois           59%        N/A       1%          4
c - Stone Arrow           Conj/Erth      100%       3d13      1%          3
d - Irradiate             Conj/Tmut      29%        3d23      1%          5
e - Passwall              Tmut/Erth      44%        N/A       1%          2
f - Blink                 Tloc           N/A        N/A       2%          2

Your spell library contained the following spells:

 Spells                   Type           Power      Damage    Failure   Level
 Beastly Appendage        Tmut           100%       N/A       1%          1
 Freeze                   Ice            32%        1d5       1%          1
 Sandblast                Erth           86%        2d18      1%          1
 Poisonous Vapours        Pois/Air       72%        N/A       1%          2
 Wereblood                Tmut           59%        N/A       1%          2
 Mephitic Cloud           Conj/Pois/Air  46%        N/A       1%          3
 Spider Form              Tmut/Pois      29%        N/A       1%          3
 Petrify                  Tmut/Erth      53%        N/A       1%          4
 Corpse Rot               Necr/Air       N/A        N/A       2%          2
 Sublimation of Blood     Necr           4%         N/A       2%          2
 Hailstorm                Conj/Ice       36%        3d9       3%          4
 Call Canine Familiar     Summ           8%         N/A       4%          3
 Frozen Ramparts          Ice            16%        1d3       4%          3
 Inner Flame              Hex/Fire       13%        N/A       4%          3
 Portal Projectile        Hex/Tloc       16%        N/A       4%          3
 Swiftness                Air            8%         N/A       4%          3
 Leda's Liquefaction      Hex/Erth       13%        N/A       6%          4
 Cause Fear               Hex            4%         N/A       16%         4
 Dispel Undead            Necr           8%         3d8       16%         4
 Manifold Assault         Tloc           8%         N/A       41%         5
 Death Channel            Necr           4%         N/A       91%         6
 Invisibility             Hex            4%         N/A       91%         6
 Storm Form               Tmut/Air       18%        N/A       92%         7
 Lehudib's Crystal Spear  Conj/Erth      26%        10d7      99%         8
 Discord                  Hex            4%         N/A       100%        8
 Animate Armour           Summ/Erth      Unusable   N/A       N/A         4

Dungeon Overview and Level Annotations

Branches:
Dungeon (15/15)            Temple (1/1) D:4            Lair (6/6) D:11
 Shoals (0/4) Lair:3       Spider (0/4) Lair:3        Slime (0/5) Lair:5
    Orc (2/2) D:12            Elf (0/3) Orc:2        Vaults (0/5) D:13
 Depths (0/4) D:15

Altars:
Ashenzari
Cheibriados
Dithmenos
Elyvilon
Fedhas
Gozag
Hepliaklqana
Kikubaaqudgha
Makhleb
Nemelex Xobeh
Okawaru
Qazlal
Ru
Sif Muna
Trog
Uskayaw
Vehumet
Wu Jian
Xom
Yredelemnul
Zin
The Shining One
Jiyva

Shops:
D:11 *

Annotations:
D:12 exclusions: oklob plant and oklob sapling
Lair:5 1 runed translucent door
Orc:1 Erica, Jorgrun


Innate Abilities, Weirdness & Mutations

You cannot wear most types of armour.
You are amphibious.
You can wear up to eight rings at the same time.
Your skin changes colour to match your surroundings (Stealth+).
Your rubbery body absorbs attacks. (AC +1, EV +1)
((You are camouflaged near water. (Stealth+)))
You have tentacles for arms and can constrict up to eight enemies at once.


Message History

You constrict the orc sorcerer.
The orc sorcerer gestures at you while chanting.
You resist with some effort.
You hit the orc sorcerer. You freeze the orc sorcerer.
You squeeze the orc sorcerer, but do no damage.
The orc sorcerer is almost dead.
You constrict the orc sorcerer.
You hit the orc sorcerer but do no damage.
You squeeze the orc sorcerer, but do no damage.
The orc sorcerer is almost dead.
You constrict the orc sorcerer. You block the orc wizard's attack.
The orc sorcerer points at you and mumbles some strange words.
You suddenly lose the ability to move!
You lose your grip on the orc sorcerer.
The orc wizard points at you and mumbles some strange words.
You resist with almost no effort.
The orc sorcerer gestures wildly while chanting.
The orc wizard hits you but does no damage.
The orc sorcerer gestures at you while chanting.
The bolt of fire hits you. You resist.
You hear a shout!
The orc hits you with a +0 short sword.
An orc comes into view. It is wielding a +0 club.
The orc hits you but does no damage.
The orc wizard hits you with a +0 dagger.
The orc sorcerer hits you with a +0 dagger.
The orc hits you with a +0 short sword. The orc hits you with a +0 flail.
The orc wizard casts a spell at you. You resist with almost no effort.
The orc warrior hits you from afar with a +0 halberd!
The orc sorcerer hits you with a +0 dagger!
* * * LOW HITPOINT WARNING * * *
The orc hits you with a +0 short sword.
* * * LOW HITPOINT WARNING * * *
The orc hits you with a +0 flail.
* * * LOW HITPOINT WARNING * * *
A magic dart appears from out of thin air!
The magic dart hits you.
* * * LOW HITPOINT WARNING * * *
The orc warrior hits you from afar with a +0 halberd!!
You die...

###...........###
##..............##
****#................##
*,,#......##..........##
**#.......###..........#
*.........##..........##
##.#.......#.........##
,####......#...oo.#.##
** #.##....<..3)@.### ,*
##*##...)..ooo## **
#...)).oo{.# *
##.[..o.#### ***
#......))***
,,****##.)).)o)#o**
,,,*,,*)).)#..)),,***
,,,,,,....###....,,,**
******,,,****,,,,,,,,**


You could see a neqoxec (summoned), an orc sorcerer, an orc warrior, 2 orc
wizards and 4 orcs.

Vanquished Creatures
  Gastronok (D:11)
  A shadow dragon (D:15)
  Kirke (D:13)
  2 fire giants (D:15)
  An orc warlord (D:15)
  A war gargoyle (D:15)
  Azrael (D:13)
  Snorg (D:14)
  3 ettins
  2 fire dragons
  2 deep elf high priests (D:15)
  A yaktaur captain (D:15)
  8 hydras
  A rakshasa (D:14)
  Harold (Orc:1)
  2 boulder beetles
  A catoblepas (Lair:2)
  An ogre mage (D:10)
  9 centaur warriors
  9 two-headed ogres
  9 death yaks
  A hell knight (D:15)
  Sonja (D:12)
  A swamp dragon (Lair:6)
  2 orc knights
  A phantasmal warrior (D:15)
  2 deep elf pyromancers
  2 wolf spiders (Lair:6)
  5 cyclopes
  2 orc sorcerers
  6 ugly things
  A manticore (D:15)
  2 merfolk sirens (Lair:3)
  10 black mambas
  A guardian serpent (Lair:6)
  3 centaur zombies
  21 elephants
  3 torpor snails
  3 gargoyles
  18 cane toads
  A rime drake (Lair:6)
  Maggie (D:9)
  9 komodo dragons
  2 efreet (D:15)
  3 unseen horrors
  A rime drake (shapeshifter) (D:14)
  2 tengu conjurers (D:15)
  A kobold demonologist (D:13)
  A freezing wraith (D:15)
  3 yaktaurs (D:13)
  3 trolls
  3 polar bears
  3 meliai (D:13)
  38 blink frogs
  5 hornets
  12 slime creatures
  6 dream sheep (Lair:4)
  3 redbacks (Lair:6)
  A shadow (D:10)
  2 water elementals (D:14)
  A vampire (D:11)
  A spriggan (shapeshifter) (D:14)
  11 wyverns
  8 basilisks
  7 steam dragons
  67 yaks
  A hog (D:13)
  3 humans (D:13)
  2 fire elementals (D:13)
  4 vampire mosquitoes
  A warg (Orc:2)
  22 water moccasins
  2 acid dragons (D:10)
  3 hell hounds (D:13)
  2 black bears (D:5)
  18 orc warriors
  2 sky beasts
  5 boggarts (D:13)
  3 swamp drakes (Lair:6)
  6 necrophages
  A hornet zombie (D:5)
  10 centaurs
  9 ogres
  13 wolves
  7 kobold brigands
  A wyvern zombie (D:9)
  11 bullfrogs
  4 gnoll sergeants (D:12)
  3 scorpions
  5 electric eels (D:14)
  21 wights
  10 howler monkeys
  A bullfrog zombie (D:5)
  6 hounds
  A bullfrog skeleton (D:6)
  3 jellies
  10 orc priests
  A scorpion zombie (D:5)
  8 iguanas
  18 orc wizards
  A hound skeleton (D:4)
  A howler monkey zombie (D:9)
  7 adders
  10 gnolls
  A shadow imp (D:7)
  An adder skeleton (D:4)
  A worm (D:2)
  2 dart slugs
  63 orcs
  12 ball pythons
  4 endoplasms
  A giant cockroach (D:1)
  6 goblins
  5 hobgoblins
  12 kobolds
  3 quokkas
  15 bats
  A frilled lizard (D:2)
  8 rats
  2 butterflies (Lair:1)
711 creatures vanquished.

Vanquished Creatures (others)
  An iguana (Lair:6)
  2 orcs
  3 bushes
  77 fungi
  124 plants
207 creatures vanquished.

Grand Total: 918 creatures vanquished

Notes
Turn   | Place    | Note
-------+----------+-------------------------------------------
     0 | D:1      | frimble the Octopode Venom Mage began the quest for the
                  | Orb.
     0 | D:1      | Reached XP level 1. HP: 11/11 MP: 3/3
   323 | D:1      | Reached XP level 2. HP: 16/17 MP: 5/5
   937 | D:1      | Reached XP level 3. HP: 21/21 MP: 6/6
   962 | D:1      | Reached skill level 5 in Poison Magic
  2397 | D:3      | Found a faded altar of an unknown god.
  2559 | D:3      | Found a basalt altar of Yredelemnul.
  2719 | D:3      | Found an ornate altar of the Wu Jian Council.
  3010 | D:4      | Reached XP level 4. HP: 20/27 MP: 7/7
  3121 | D:4      | Learned a level 4 spell: Olgreb's Toxic Radiance
  3136 | D:4      | Reached XP level 5. HP: 31/31 MP: 3/9
  3666 | D:4      | Found a staircase to the Ecumenical Temple.
  3710 | D:5      | Entered Level 5 of the Dungeon
  3747 | D:5      | Reached skill level 1 in Fighting
  3747 | D:5      | Reached skill level 1 in Short Blades
  3779 | D:5      | Reached XP level 6. HP: 32/38 MP: 2/10
  3926 | D:5      | Noticed a black bear
  3946 | D:5      | Killed a black bear
  3947 | D:5      | Reached XP level 7. HP: 8/45 MP: 2/11
  4247 | D:5      | Reached skill level 5 in Stealth
  4402 | D:5      | Found an opulent altar of Gozag.
  4503 | D:5      | Found an iron altar of Okawaru.
  4881 | D:5      | Learned a level 3 spell: Stone Arrow
  4930 | D:6      | Noticed a steam dragon
  5207 | D:6      | Reached skill level 1 in Conjurations
  5207 | D:6      | Reached skill level 1 in Earth Magic
  5207 | D:6      | Reached XP level 8. HP: 34/52 MP: 12/12
  7510 | D:7      | Learned a level 5 spell: Irradiate
  8061 | D:6      | Reached XP level 9. HP: 58/59 MP: 8/13
  8149 | D:6      | Found a burning altar of Makhleb.
  8838 | D:5      | Found a hide-covered altar of Uskayaw.
  8838 | D:5      | Found a broken altar of Ashenzari.
  8844 | D:5      | Found a shadowy altar of Dithmenos.
  8846 | D:5      | Found a glowing silver altar of Zin.
  8848 | D:5      | Found a sparkling altar of Nemelex Xobeh.
  9265 | Temple   | Entered the Ecumenical Temple
  9483 | D:8      | Reached skill level 5 in Fighting
  9483 | D:8      | Reached skill level 5 in Short Blades
  9699 | D:8      | Reached skill level 1 in Shields
  9735 | D:8      | Reached skill level 2 in Shields
 10218 | D:8      | Noticed a two-headed ogre
 10250 | D:8      | Killed a two-headed ogre
 10251 | D:8      | Reached skill level 4 in Shields
 10587 | D:8      | Reached XP level 10. HP: 46/67 MP: 13/14
 11105 | D:8      | Found an ancient bone altar of Kikubaaqudgha.
 11573 | D:9      | Found a snail-covered altar of Cheibriados.
 11727 | D:9      | Reached skill level 5 in Conjurations
 12167 | D:9      | Reached skill level 5 in Transmutations
 13147 | D:9      | Noticed Maggie
 13169 | D:9      | Killed Maggie
 13468 | D:9      | Reached skill level 1 in Long Blades
 13468 | D:9      | Reached XP level 11. HP: 74/75 MP: 13/15
 13566 | D:9      | Found a glowing golden altar of the Shining One.
 13594 | D:10     | Entered Level 10 of the Dungeon
 13710 | D:10     | Identified a scroll of acquirement
 13710 | D:10     | Acquired the +5 kite shield "Vofirast" {rElec Dex+5}
 13861 | D:10     | Learned a level 2 spell: Passwall
 13942 | D:10     | Noticed a two-headed ogre
 13962 | D:10     | Killed a two-headed ogre
 14404 | D:10     | Noticed a two-headed ogre
 14410 | D:10     | Killed a two-headed ogre
 14474 | D:10     | Noticed a two-headed ogre
 14481 | D:10     | Noticed a two-headed ogre
 14502 | D:10     | Killed a two-headed ogre
 14588 | D:10     | Noticed a two-headed ogre
 14589 | D:10     | Noticed an ogre mage
 14589 | D:10     | Noticed a two-headed ogre
 14592 | D:10     | Noticed a two-headed ogre
 14615 | D:10     | Killed a two-headed ogre
 14615 | D:10     | Killed a two-headed ogre
 14621 | D:10     | Killed a two-headed ogre
 14635 | D:10     | Killed an ogre mage
 14916 | D:11     | Found a staircase to the Lair.
 15017 | D:9      | Became a worshipper of Cheibriados the Contemplative
 15081 | Lair:1   | Entered Level 1 of the Lair of Beasts
 15500 | Lair:1   | Reached skill level 5 in Spellcasting
 15500 | Lair:1   | Reached XP level 12. HP: 81/81 MP: 18/19
 15586 | Lair:1   | Reached skill level 1 in Evocations
 16269 | Lair:1   | Noticed a five-headed hydra
 16387 | D:11     | Reached * piety under Cheibriados
 16692 | D:11     | Paralysed by a hornet for 2 turns
 16859 | D:11     | Found Elyhami's Assorted Antiques.
 16867 | D:11     | Bought a scroll labelled HAEWNO IRO ESE for 32 gold pieces
 17216 | D:11     | Reached skill level 5 in Earth Magic
 17391 | D:11     | Noticed a two-headed ogre
 17396 | D:11     | Killed a two-headed ogre
 17397 | D:11     | Reached skill level 5 in Evocations
 17469 | D:11     | Noticed Gastronok
 17478 | D:11     | Killed Gastronok
 17632 | D:12     | Noticed a boulder beetle
 17633 | D:12     | Killed a boulder beetle
 17802 | Lair:1   | Killed a five-headed hydra
 17803 | Lair:1   | Reached skill level 5 in Shields
 17935 | Lair:2   | Noticed a catoblepas
 17952 | Lair:2   | Killed a catoblepas
 18221 | Lair:2   | Reached skill level 6 in Shields
 18234 | Lair:2   | Reached ** piety under Cheibriados
 18248 | Lair:2   | Reached skill level 5 in Invocations
 18655 | Lair:2   | Reached XP level 13. HP: 77/86 MP: 20/20
 18680 | Lair:2   | Reached skill level 7 in Shields
 18718 | Lair:2   | Reached *** piety under Cheibriados
 19511 | Lair:3   | Found a staircase to the Shoals.
 19520 | Lair:3   | Reached skill level 8 in Shields
 19654 | Lair:3   | Acquired the +11 rapier of the Throat {freeze, rF++ Int-2
                  | Stlth+}
 20241 | Lair:3   | Reached **** piety under Cheibriados
 20242 | Lair:3   | Reached skill level 9 in Shields
 20352 | Lair:3   | Found a hole to the Spider Nest.
 20961 | Lair:4   | Reached skill level 10 in Shields
 21564 | Lair:4   | Reached XP level 14. HP: 67/92 MP: 17/21
 21975 | Lair:4   | Reached ***** piety under Cheibriados
 21976 | Lair:4   | Reached skill level 11 in Shields
 22665 | Lair:5   | Reached skill level 12 in Shields
 23349 | Lair:5   | Found a runed translucent door.
 23649 | Lair:5   | Found a viscous altar of Jiyva.
 23649 | Lair:5   | Found a staircase to the Slime Pits.
 23649 | Lair:5   | Noticed an azure jelly
 23649 | Lair:5   | Noticed an azure jelly
 23649 | Lair:5   | Noticed an azure jelly
 23649 | Lair:5   | Noticed an azure jelly
 23649 | Lair:5   | Noticed an azure jelly
 23657 | Lair:6   | Entered Level 6 of the Lair of Beasts
 23678 | Lair:6   | Reached skill level 13 in Shields
 23940 | Lair:6   | Found the amulet of the Four Winds {rN+ Will+++ Clar}
 23977 | Lair:6   | Reached ****** piety under Cheibriados
 24177 | Lair:6   | Reached skill level 14 in Shields
 24694 | Lair:6   | Reached XP level 15. HP: 84/97 MP: 22/22
 24791 | Lair:6   | Reached skill level 15 in Shields
 25383 | Lair:6   | Reached skill level 10 in Short Blades
 26561 | D:12     | Noticed Sonja
 26572 | D:12     | Killed Sonja
 27177 | D:12     | Found a staircase to the Orcish Mines.
 27472 | D:12     | Got the Volume of Nature
 27689 | D:13     | Noticed Kirke
 27698 | D:13     | Killed Kirke
 27730 | D:13     | Noticed Azrael
 27736 | D:13     | HP: 3/101 [Azrael (14)]
 27739 | D:13     | Killed Azrael
 28091 | D:13     | Learned a level 2 spell: Blink
 28467 | D:13     | Found a gate to the Vaults.
 28581 | D:14     | Reached skill level 10 in Stealth
 28631 | D:14     | Reached XP level 16. HP: 84/108 MP: 20/23
 28892 | D:14     | Noticed Snorg
 28921 | D:14     | Killed Snorg
 29039 | D:14     | You fall into a shaft and drop 1 floor!
 29039 | D:15     | Entered Level 15 of the Dungeon
 29039 | D:15     | Found a huge runed gate.
 29039 | D:15     | Found a huge runed gate.
 29039 | D:15     | Found a huge runed gate.
 29039 | D:15     | Found a huge runed gate.
 29039 | D:15     | Found a huge runed gate.
 29039 | D:15     | Found a huge runed gate.
 29039 | D:15     | Found a huge runed gate.
 29039 | D:15     | Found a huge runed gate.
 29039 | D:15     | Found a huge runed gate.
 29039 | D:15     | Found a huge runed gate.
 29049 | D:15     | Found a huge runed gate.
 29049 | D:15     | Found a huge runed gate.
 29049 | D:15     | Found a huge runed gate.
 29049 | D:15     | Found a huge runed gate.
 29049 | D:15     | Found a huge runed gate.
 29049 | D:15     | Found a huge runed gate.
 29050 | D:15     | Found a huge runed gate.
 29051 | D:15     | Found a huge runed gate.
 29265 | D:15     | Found a staircase to the Depths.
 29982 | D:15     | Found a huge runed gate.
 29988 | D:15     | Found a huge runed gate.
 29988 | D:15     | Found a huge runed gate.
 30050 | D:15     | Found a huge runed gate.
 30050 | D:15     | Found a huge runed gate.
 30050 | D:15     | Found a huge runed gate.
 30050 | D:15     | Found a huge runed gate.
 30050 | D:15     | Found a huge runed gate.
 30055 | D:15     | Noticed a shadow dragon
 30067 | D:15     | Killed a shadow dragon
 30209 | D:15     | Acquired the ring of Liuquokk {rC+ EV+4 Slay+5}
 30322 | Orc:1    | Entered Level 1 of the Orcish Mines
 30328 | Orc:1    | Noticed Harold
 30341 | Orc:1    | Killed Harold
 30482 | Orc:2    | Entered Level 2 of the Orcish Mines
 30623 | Orc:1    | Noticed Jorgrun
 30623 | Orc:1    | Noticed Erica
 30633 | Orc:2    | Paralysed by an orc sorcerer for 6 turns
 30642 | Orc:2    | Reached skill level 5 in Dodging
 30651 | Orc:2    | Paralysed by an orc sorcerer for 6 turns
 30656 | Orc:2    | Slain by an orc warrior

Illustrated notes

Levels and vault maps discovered:
D:1:      dpeg_arrival_simpleton_c, layout_rooms, hangedman_feature_mirror,
          minmay_strange_pillars, corexii_corridor_pit,
          minmay_tree_intersection, chequers_serial_rivers_room_a, minivault_27,
          st_stairs_4, palyth_stone_intersect
D:2:      layout_basic
D:3:      layout_basic, mainiacjoe_overflow_six_doors_small,
          nzn_wu_jian_council_hall, hellmonk_ecumenical_altar_arch_garden
D:4:      layout_basic, temple_green
D:5:      kennysheep_spiral_hall, layout_loops_corners, grunt_gozag_statues,
          chequers_temple_overflow_minitemple, kennysheep_okawaru_gauntlet,
          serial_glass, glass_columns_b, glass_columns_b, glass_columns_a
D:6:      layout_basic, makhleb_heckhound_becter
D:7:      layout_basic
D:8:      layout_basic, mainiacjoe_overflow_24_doors, kennysheep_generic_room_12
D:9:      layout_roguey, kennysheep_little_box, amcnicky_altar_gilded,
          roderic_batcave, uniq_maggie
D:10:     layout_loops_cross
D:11:     layout_roguey, lair_entry_dummy, serial_shops,
          nicolae_shop_overgrown_old_shop, minmay_quadrilaterals, uniq_gastronok
D:12:     minmay_inner_zag, layout_irregular_city,
          kennysheep_orc_monster_closet_entryway, chequers_arboretum,
          introduction_to_nature_1, uniq_sonja
D:13:     layout_rooms, hangedman_vaults_entry_quadrant_bands,
          nicolae_two_hexagons, uniq_kirke, uniq_azrael
D:14:     layout_basic, uniq_snorg
D:15:     grunt_enter_depths_giant_problem, layout_cave_pools, door_vault
Temple:   jpeg_temple_island
Lair:1:   layout_layer_cave, serial_bayou_pond_c, lemuel_fruit_fields,
          lemuel_fruit_fields, grunt_megastairs_1
Lair:2:   layout_long_grid
Lair:3:   layout_cave_pods, elwin_shoals_entry_rooms, dummy_spider_entry,
          roderic_carrion_pond, serial_bayou_shore_b, serial_bayou_shore_b
Lair:4:   layout_hall_layers
Lair:5:   layout_regular_city, slime_altar_2, nzn_sisyphean_effort
Lair:6:   guppyfry_lair_end_dragon, layout_regular_city,
          hangedman_lair_tendril_chambers
Orc:1:    layout_caves, special_room [special_room_bee], uniq_jorgrun,
          uniq_erica, uniq_erolcha, uniq_harold
Orc:2:    st_orc_congregation, layout_diamond_mine, gammafunk_ghost_cemetery,
          portal_ice_cave_rime

Skill      XL: |  1  2  3  4  5  6  7  8  9 10 11 12 13 14 15 16 |
---------------+-------------------------------------------------+-----
Poison Magic   | 4 5 6 7 8 |  8.0
Spellcasting   | 3 5 |  5.0
Stealth        | 3 4 5 7 8 10 | 10.0
Fighting       | 1 2 3 4 5 7 9 |  9.1
Short Blades   | 1 2 3 4 5 6 8 9 12 13 | 13.9
Conjurations   | 1 3 4 5 7 8 |  8.0
Earth Magic    | 1 2 4 5 |  5.0
Transmutations | 3 5 7 8 |  8.0
Shields        | 4 6 10 14 15 | 15.0
Dodging        | 3 4 5 |  5.0
Long Blades    | 1 |  1.7
Evocations     | 5 7 |  7.3
Invocations    | 5 8 9 |  9.4

Action                   |  1- 3 |  4- 6 |  7- 9 | 10-12 | 13-15 | 16-18 || total
-------------------------+-------+-------+-------+-------+-------+-------++-------
Melee: Dagger            |    48 |    34 |   107 |   189 |    83 |       ||   461
       Constrict         |    17 |     8 |    22 |    21 |    96 |    10 ||   174
       Tentacles         |     8 |    14 |    22 |    68 |   275 |    50 ||   437
       Unarmed           |     2 |       |       |       |       |       ||     2
       Rapier            |       |       |       |       |   603 |   106 ||   709
 Cast: Sting             |    18 |    18 |    11 |     6 |     2 |       ||    55
       Olgreb's Toxic Ra |       |     5 |    26 |    62 |    48 |    22 ||   163
       Stone Arrow       |       |       |    32 |    53 |     7 |     5 ||    97
       Irradiate         |       |       |       |     9 |    30 |     6 ||    45
       Passwall          |       |       |       |     1 |     2 |     1 ||     4
       Blink             |       |       |       |       |       |     1 ||     1
Invok: Slouch            |       |       |       |       |     4 |     5 ||     9
       Temporal Distorti |       |       |       |       |     1 |       ||     1
Evoke: Wand              |       |       |     2 |     4 |     9 |     6 ||    21
  Use: Scroll            |     7 |     4 |     5 |     7 |     7 |     4 ||    34
       Potion            |       |       |     1 |       |     7 |     1 ||     9
 Stab: Sleeping          |    14 |     2 |     5 |    21 |    20 |     2 ||    64
       Distracted        |       |       |     1 |       |     5 |       ||     6
Armor: Skin              |     5 |     4 |       |     6 |    40 |     9 ||    64
Dodge: Dodged            |    40 |    27 |    63 |    70 |   278 |    40 ||   518
Block: Buckler           |       |       |       |    72 |   252 |       ||   324
       Other             |       |       |       |     3 |       |       ||     3
       Reflection        |       |       |       |     3 |       |       ||     3
       Kite shield       |       |       |       |       |   259 |   105 ||   364

Table legend: (Time is in decaauts)
 A = Elapsed time spent in this place.
 B = Non-inter-level travel time spent in this place.
 C = Inter-level travel time spent in this place.
 D = Time resting spent in this place.
 E = Time spent auto-exploring this place.
 F = Levels seen in this place.
 G = Mean time per level.
                   A        B        C        D        E       F      G
               +--------+--------+--------+--------+--------+-----+--------+
         Total |  36191 |  34605 |   1586 |    269 |  29002 |  24 | 1508.0 |
       Dungeon |  22631 |  21662 |    969 |    269 |  18293 |  15 | 1508.7 |
        Temple |    147 |    119 |     28 |      0 |    111 |   1 |  147.0 |
          Lair |  12916 |  12349 |    567 |      0 |  10263 |   6 | 2152.7 |
  Orcish Mines |    496 |    475 |     21 |      0 |    335 |   2 |  248.0 |
               +--------+--------+--------+--------+--------+-----+--------+

Top non-repeatable levels by time:
  Lair:6: 3302 daAuts
     D:9: 2201 daAuts
  Lair:3: 2105 daAuts
  Lair:1: 2042 daAuts
  Lair:5: 1995 daAuts
    D:12: 1994 daAuts
  Lair:4: 1904 daAuts
     D:5: 1869 daAuts
     D:6: 1842 daAuts
     D:7: 1839 daAuts
     D:8: 1759 daAuts
    D:11: 1734 daAuts
     D:2: 1594 daAuts
  Lair:2: 1564 daAuts
    D:14: 1469 daAuts
